Map: Lerilak Crest

Players

LilDicky

  • Race: Terran Terran
  • League: Diamond

Noodle - Winner!

  • Race: Zerg Zerg
  • League: Platinum

VOD

http://www.twitch.tv/tumescentpie

Description

Time

  • Played on: Dec. 1, 2015, 3:34 p.m.
  • Length: 11:33
Show
View Real Time Build Order
Export as new Build Order

LilDicky Terran 

Build Orders: Command Center First (CC) 

Get SALT Encoding   

  12  0:01  SCV  
  13  0:13  SCV  
  14  0:17  Supply Depot  
  14  0:26  SCV  
  15  0:39  Refinery  
  15  0:47  SCV  
  16  0:59  SCV  
  17  1:08  Command Center  
  17  1:17  SCV  
  18  1:29  Supply Depot  
  18  1:31  Supply Depot  
  18  1:32  SCV  
  19  1:50  SCV  
  20  2:03  Command Center  
  20  2:04  SCV  
  21  2:19  Barracks  
  21  2:21  SCV  
  22  2:23  SCV  
  23  2:30  Refinery  
  23  2:34  SCV  
  24  2:38  SCV  
  25  2:46  SCV  
  26  3:05  Orbital Command x2  
  26  3:11  Marine  
  27  3:19  Orbital Command  
  27  3:25  Factory  
  27  3:32  Marine  
  20  3:50  Marine  
  21  3:57  SCV  
  21  3:58  SCV x2  
  24  4:09  Marine  
  25  4:14  Factory Tech Lab  
  25  4:15  Bunker  
  24  4:26  SCV  
  24  4:27  SCV x2  
  26  4:36  Siege Tank  
  29  4:40  Factory  
  29  4:42  SCV  
  29  4:44  Marine  
  31  4:48  SCV  
  31  4:49  SCV  
  33  4:54  SCV  
  34  5:06  SCV, Marine  
  37  5:07  SCV x2  
  37  5:13  Cyclone  
  41  5:29  Factory Tech Lab  
  41  5:33  SCV x2  
  43  5:38  Starport  
  43  5:40  Marine  
  44  5:43  SCV  
  44  5:45  Command Center  
  44  5:48  Engineering Bay  
  45  6:03  Orbital Command  
  36  6:16  Cyclone x2  
  36  6:17  Starport Tech Lab  
  42  6:25  Missile Turret  
  42  6:33  SCV x2  
  44  6:40  SCV  
  44  6:42  Refinery  
  44  6:43  Refinery  
  44  6:45  SCV  
  46  6:49  Cyclone x2  
  46  6:54  Banshee  
  52  6:59  Supply Depot  
  42  7:02  Orbital Command  
  29  7:17  Command Center  
  29  7:18  Marine  
  30  7:31  SCV  
  31  7:38  Cyclone  
  34  8:00  Cyclone  
  34  8:03  SCV  
  34  8:04  SCV  
  39  8:16  SCV  
  39  8:18  Refinery  
  40  8:20  Planetary Fortress  
  40  8:26  Marine  
  41  8:27  Orbital Command  
  29  8:43  Cyclone  
  32  9:00  SCV  
  33  9:05  SCV x2  
  33  9:08  SCV  
  36  9:12  SCV  
  26  9:49  Banshee  
  29  9:54  SCV  
  29  9:55  SCV x2  
  29  9:57  SCV  
  29  9:58  Factory  
  29  9:59  Factory  
  33  10:03  Refinery x2  
  33  10:07  SCV x3  
  36  10:08  Cyclone  
  36  10:09  SCV  
  40  10:18  Cyclone  
  40  10:19  SCV x2  
  40  10:20  SCV  
  46  10:21  SCV  
  47  10:33  Banshee  
  50  10:41  SCV  
  51  10:44  Factory Reactor x2  
  51  10:48  SCV x2  
  51  10:49  SCV  
  54  10:52  Refinery  
  54  10:53  SCV  
Show
View Real Time Build Order
Export as new Build Order

Noodle Zerg - Winner!

Build Orders: Pool First, Zergling Baneling 

Get SALT Encoding   

  12  0:01  Drone  
  13  0:10  Drone  
  14  0:16  Overlord  
  14  0:35  Drone x3  
  17  0:46  Drone  
  18  0:51  Spawning Pool  
  18  0:52  Extractor  
  18  0:56  Drone  
  17  1:20  Drone  
  17  1:21  Hatchery  
  17  1:24  Drone  
  18  1:35  Drone  
  18  1:39  Queen  
  19  1:43  Zergling x2  
  22  1:55  Overlord  
  22  2:02  Metabolic Boost  
  22  2:26  Overlord  
  22  2:27  Overlord  
  22  2:29  Drone  
  23  2:45  Drone x2  
  23  2:46  Queen  
  23  2:49  Drone x2  
  29  2:59  Zergling x2  
  29  3:00  Zergling x6  
  33  3:18  Drone  
  33  3:19  Hatchery  
  33  3:22  Extractor  
  33  3:23  Extractor  
  33  3:25  Drone x2, Extractor  
  32  3:46  Zergling x10  
  32  3:58  Drone  
  32  4:02  Drone x3  
  36  4:12  Baneling Nest  
  35  4:19  Drone  
  35  4:22  Drone x4  
  40  4:37  Zergling x2  
  40  4:38  Zergling x12  
  46  4:41  Queen  
  48  4:48  Overlord  
  48  4:56  Baneling  
  48  4:57  Baneling x6  
  48  4:58  Baneling  
  48  5:03  Drone  
  48  5:04  Drone  
  48  5:06  Drone  
  51  5:17  Zergling x2  
  51  5:18  Zergling x6  
  56  5:21  Drone  
  56  5:24  Drone x2  
  58  5:37  Drone x2  
  58  5:39  Lair  
  58  5:40  Drone  
  58  5:41  Drone  
  51  6:08  Zergling x2  
  51  6:09  Zergling x20  
  51  6:10  Zergling x6  
  61  6:13  Drone  
  62  6:18  Overlord  
  62  6:22  Overlord x2  
  62  6:37  Evolution Chamber  
  62  6:40  Evolution Chamber, Drone x2  
  62  6:41  Drone x3  
  62  6:42  Drone, Hydralisk Den  
  62  6:46  Drone x2  
  63  7:04  Drone x4  
  63  7:06  Drone x5  
  63  7:07  Drone  
  73  7:16  Muscular Augments  
  73  7:17  Zerg Missile Weapons Level 1  
  73  7:19  Zerg Ground Armor Level 1  
  73  7:23  Evolution Chamber  
  69  7:45  Centrifical Hooks  
  69  7:47  Drone x2  
  69  7:49  Drone x5  
  69  7:50  Drone x2  
  78  7:52  Extractor x2  
  78  7:55  Zerg Melee Weapons Level 1  
  76  8:03  Queen  
  76  8:05  Overlord x5  
  78  8:06  Overlord  
  78  8:10  Spore Crawler  
  78  8:12  Hydralisk x3  
  81  8:14  Overseer  
  81  8:15  Hatchery  
  81  8:17  Spore Crawler  
  79  8:41  Hydralisk x7  
  79  8:42  Hydralisk x2  
  95  8:54  Zergling x2  
  95  8:55  Zergling x8  
  98  8:58  Drone x3  
  101  9:07  Zergling x2  
  101  9:08  Zergling x6  
  105  9:16  Hydralisk x2  
  109  9:17  Lurker Den  
  94  9:47  Zergling x2  
  94  9:48  Zergling x18  
  94  9:52  Overlord  
  104  9:58  Overlord x5  
  104  10:06  Queen  
  106  10:20  Zergling x2  
  109  10:21  Zergling x14  
  109  10:22  Extractor  
  109  10:27  Extractor  
  112  10:34  Hydralisk  
  112  10:35  Hydralisk x6  
  114  10:36  Hydralisk x5  
  133  11:04  Zergling x2  
  133  11:05  Zergling x22  
  133  11:06  Zergling x8  
Tags
 
Add a new tag
Caveats
  • Supply blocks, unpowered buildings, or Contaminate may cause inaccurate times.
  • Supply counts are checked every 10 seconds.